 Dungeon Crawl Stone Soup version 0.27-a0-3-gcf006a40f5 (webtiles) character file.

Game seed: 5693188260113935988

7275 teolandon225 the Covert (level 10, -3/51 HPs)
             Began as a Spriggan Enchanter on Jan 1, 2021.
             Was a Believer of Dithmenos.
             Slain by an eight-headed hydra (13 damage)
             ... on level 11 of the Dungeon on Jan 2, 2021.
             The game lasted 01:13:06 (16772 turns).

teolandon225 the Covert (Spriggan Enchanter)       Turns: 16772, Time: 01:13:06

Health: -3/51      AC:  2    Str: 10    XL:     10   Next: 89%
Magic:  0/27       EV: 27    Int: 19    God:    Dithmenos [**....]
Gold:   1057       SH:  0    Dex: 21    Spells: 4/19 levels left

rFire    . . .     SeeInvis +   K - +3 dagger (freeze) (curse)
rCold    . . .     Faith    .   (shield restricted)
rNeg     . . .     Spirit   +   A - +0 robe of Nihilism {Int+3}
rPois    .         Reflect  .   (helmet restricted)
rElec    .         Harm     +   d - scarf {harm}
rCorr    .         Rampage  .   (gloves unavailable)
Will     +....                  (boots unavailable)
Stlth    +++++++...             o - amulet of guardian spirit
HPRegen  0.17/turn              q - +6 ring of strength
MPRegen  0.20/turn              H - ring of magical power

@: wreathed by umbra, very quick
A: very small, unfitting armour, see invisible, speed 3
a: Renounce Religion, Shadow Step


You were on level 11 of the Dungeon.
You worshipped Dithmenos.
Dithmenos was pleased with you.
You visited 2 branches of the dungeon, and saw 12 of its levels.

You collected 1057 gold pieces.

Inventory:

Hand Weapons
 a - a +2 dagger of electrocution
 J - a +2 dagger
 K - a cursed +3 dagger of freezing (weapon)
 L - a +4 dagger
Armour
 d - a scarf of harm (worn)
 u - a +1 robe
 A - the +0 robe of Nihilism (worn) {Int+3}
   (You found it on level 9 of the Dungeon)

   It affects your intelligence (+3).
Magical Staves
 b - an uncursed staff of earth
Jewellery
 c - an uncursed amulet of guardian spirit
 o - an amulet of guardian spirit (around neck)
 q - a +6 ring of strength (left hand)
 r - an uncursed ring of poison resistance
 w - an uncursed ring of positive energy
 y - an uncursed amulet of the acrobat
 H - a ring of magical power (right hand)
Wands
 f - a wand of digging (8)
 B - a wand of random effects (43)
 D - a wand of paralysis (13)
 G - a wand of flame (5)
 I - a wand of disintegration (9)
Scrolls
 h - 12 scrolls of identify
 l - 3 scrolls of remove curse
 n - 5 scrolls of teleportation
 x - 2 scrolls of amnesia
 C - a scroll of fear
 E - a scroll of fog
 F - a scroll of magic mapping
 M - a scroll of enchant weapon
Potions
 e - a potion of resistance
 g - a potion of lignification
 i - 2 potions of might
 j - 2 potions of heal wounds
 k - 3 potions of flight
 m - a potion of haste
 p - 2 potions of magic
 s - a potion of ambrosia
 t - 6 potions of curing
 v - 3 potions of attraction
 z - a potion of cancellation
Miscellaneous
 N - a lightning rod (4/4)


   Skills:
 + Level 5.0 Fighting
 * Level 9.7 Short Blades
 + Level 9.4 Dodging
 + Level 12.1 Stealth
 - Level 5.2 Spellcasting
 * Level 9.8 Hexes
 + Level 0.5 Evocations


You had 4 spell levels left.
You knew the following spells:

 Your Spells              Type           Power        Failure   Level
a - Corona                Hex            46%          1%          1
b - Ensorcelled Hibernat  Hex/Ice        46%          2%          2
c - Tukima's Dance        Hex            42%          1%          3
d - Confusing Touch       Hex            42%          1%          3
e - Dazzling Flash        Conj/Hex       46%          4%          3
f - Summon Guardian Gole  Hex/Summ       23%          4%          3

Your spell library contained the following spells:

 Spells                   Type           Power        Failure   Level
 Animate Skeleton         Necr           10%          12%         1
 Apportation              Tloc           10%          12%         1
 Shock                    Conj/Air       20%          12%         1
 Summon Small Mammal      Summ           20%          12%         1
 Call Imp                 Summ           5%           19%         2
 Swiftness                Air            5%           19%         2
 Call Canine Familiar     Summ           5%           36%         3
 Static Discharge         Conj/Air       5%           36%         3
 Airstrike                Air            2%           77%         4
 Summon Ice Beast         Ice/Summ       5%           77%         4
 Summon Lightning Spire   Summ/Air       5%           77%         4
 Bolt of Magma            Conj/Fire/Erth 2%           98%         5
 Iskenderun's Battlesphe  Conj           5%           98%         5
 Lightning Bolt           Conj/Air       2%           98%         5
 Iron Shot                Conj/Erth      2%           100%        6
 Orb of Destruction       Conj           2%           100%        7
 Spellforged Servitor     Conj/Summ      2%           100%        7


Dungeon Overview and Level Annotations

Branches:
Dungeon (11/15)            Temple (1/1) D:7
   Lair: D:8-11         Orc: D:9-12

Altars:
Ashenzari
Cheibriados
Dithmenos
Elyvilon
Fedhas
Gozag
Hepliaklqana
Kikubaaqudgha
Makhleb
Nemelex Xobeh
Okawaru
Qazlal
Ru
Sif Muna
Trog
Uskayaw
Vehumet
Wu Jian
Xom
Yredelemnul
Zin
The Shining One
Beogh

Annotations:
D:1 exclusion: 2 downstairs
D:2 exclusion: 2 downstairs
D:3 exclusion: 2 downstairs
D:4 1 runed translucent door, AtlasWard's ghost, amateur DgTm
D:5 3 runed translucent doors, 1 exclusion, TheScarfBastard's ghost, novice HOMo


Innate Abilities, Weirdness & Mutations

You are very small and have problems with some larger weapons.
You are too small for most types of armour.
You have supernaturally acute eyesight. (SInv)
You cover ground extremely quickly.


Message History

The eight-headed hydra bites you! The eight-headed hydra bites you.
The eight-headed hydra closely misses you.
There is a stone staircase leading up, spattered with blood here.
Aiming: Ensorcelled Hibernation (safe; 2% risk of failure)
Press: ? - help, Q - select action, (/) - cycle Shift-Dir - straight line, f - eight-headed hydra
Aim: an eight-headed hydra (lightly wounded, umbra, chance to affect: 20%)
The eight-headed hydra resists with almost no effort.
The eight-headed hydra misses you.
The eight-headed hydra completely misses you.
The eight-headed hydra misses you.
The eight-headed hydra closely misses you.
The eight-headed hydra bites you.
The eight-headed hydra barely misses you.
The eight-headed hydra completely misses you. x2
The eight-headed hydra misses you.
The eight-headed hydra completely misses you.
The eight-headed hydra bites you!
* * * LOW HITPOINT WARNING * * *
The eight-headed hydra bites you!
You die...

........ #......#
#......# #......#
#......# . #./....#
...##+###......#
........D......##
^......@............
#.###...............
##..............
##.........>...
########......
...... .(....


You could see an eight-headed hydra.

Vanquished Creatures
  A centaur warrior (D:10)
  2 two-headed ogres
  A troll (D:6)
  A wraith (D:10)
  6 orc warriors
  3 necrophages
  An ice beast (D:11)
  A phantom (D:7)
  5 ogres
  3 centaurs
  The ghost of handsome the Magician, an amateur OpWn (D:3)
  2 big kobolds
  7 bullfrogs
  A gnoll sergeant (D:8)
  4 scorpions
  9 killer bees
  10 wights
  4 howler monkeys
  A centaur zombie (D:5)
  2 bullfrog zombies
  3 centaur skeletons
  5 orc priests
  10 orc wizards
  5 hounds
  2 bullfrog skeletons
  3 iguanas
  6 worker ants
  A hound skeleton (D:6)
  2 worker ant zombies
  11 adders
  3 gnolls (D:6)
  8 white imps
  3 ufetubi
  3 oozes
  3 worms
  3 dart slugs (D:2)
  8 leopard geckos
  43 orcs
  3 giant cockroaches
  6 goblins
  5 hobgoblins
  14 jackals
  3 quokkas
  4 ball pythons
  12 bats
  6 frilled lizards
  A jackal skeleton (D:7)
  15 kobolds
  2 leopard gecko skeletons
  8 rats
266 creatures vanquished.

Vanquished Creatures (collateral kills)
  A wight (D:7)
1 creature vanquished.

Vanquished Creatures (others)
  3 dancing weapons
3 creatures vanquished.

Grand Total: 270 creatures vanquished

Notes
Turn   | Place    | Note
-------+----------+-------------------------------------------
     0 | D:1      | teolandon225 the Spriggan Enchanter began the quest for the
                  | Orb.
     0 | D:1      | Reached XP level 1. HP: 9/9 MP: 5/5
   667 | D:1      | Reached XP level 2. HP: 9/13 MP: 6/6
   670 | D:1      | Learned a level 2 spell: Ensorcelled Hibernation
  1219 | D:1      | Reached skill level 5 in Stealth
  1618 | D:2      | Reached XP level 3. HP: 17/17 MP: 5/8
  1769 | D:2      | Noticed an ice beast
  2736 | D:2      | Reached XP level 4. HP: 17/21 MP: 5/9
  3359 | D:2      | HP: 1/21 [orc wizard/magic dart (8)]
  3749 | D:2      | Reached skill level 1 in Fighting
  4148 | D:3      | Reached XP level 5. HP: 25/25 MP: 1/10
  4780 | D:3      | Reached skill level 6 in Stealth
  4834 | D:3      | Found a large runed translucent door.
  4834 | D:3      | Found a large runed translucent door.
  4839 | D:3      | Noticed handsome's ghost (amateur OpWn)
  5372 | D:1      | Learned a level 3 spell: Tukima's Dance
  5376 | D:1      | Learned a level 3 spell: Confusing Touch
  5505 | D:3      | Killed handsome's ghost
  5657 | D:4      | Reached XP level 6. HP: 30/30 MP: 12/12
  6044 | D:4      | Found a runed translucent door.
  6051 | D:4      | Noticed AtlasWard's ghost (amateur DgTm)
  6308 | D:3      | Reached skill level 7 in Stealth
  6981 | D:5      | Entered Level 5 of the Dungeon
  7029 | D:5      | Reached XP level 7. HP: 26/34 MP: 6/14
  7497 | D:5      | Learned a level 3 spell: Dazzling Flash
  7502 | D:5      | Found a runed translucent gate.
  8273 | D:5      | Found a runed translucent gate.
  8273 | D:5      | Noticed TheScarfBastard's ghost (novice HOMo)
  8273 | D:5      | Identified the cursed +3 dagger "Giant's Toothpick" {venom,
                  | rN+ Int+3}
  8274 | D:5      | Found a runed translucent gate.
  8351 | D:5      | Reached skill level 5 in Hexes
  8694 | D:5      | Reached skill level 5 in Dodging
  8705 | D:5      | Reached skill level 8 in Stealth
  8998 | D:6      | Reached skill level 5 in Short Blades
  9010 | D:6      | Reached XP level 8. HP: 39/39 MP: 15/15
  9053 | D:6      | Found a glowing golden altar of the Shining One.
  9873 | D:6      | Reached skill level 9 in Stealth
 10465 | D:6      | Reached skill level 5 in Spellcasting
 11124 | D:7      | Found a broken altar of Ashenzari.
 11153 | D:7      | Reached skill level 10 in Stealth
 11220 | D:7      | Found a staircase to the Ecumenical Temple.
 11336 | D:7      | Found a basalt altar of Yredelemnul.
 11336 | D:7      | Found a shimmering altar of Xom.
 11521 | Temple   | Entered the Ecumenical Temple
 11529 | Temple   | Became a worshipper of Dithmenos the Shadowed
 11550 | D:8      | Noticed a troll
 11569 | D:7      | Reached XP level 9. HP: 44/44 MP: 12/17
 11670 | D:6      | Killed a troll
 13175 | D:8      | Reached * piety under Dithmenos
 13691 | D:9      | Got a slimy robe
 13701 | D:9      | Identified the +0 robe of Nihilism {Int+3} (You found it on
                  | level 9 of the Dungeon)
 13949 | D:9      | Reached skill level 11 in Stealth
 13998 | D:9      | Found a roughly hewn altar of Beogh.
 14283 | D:8      | Reached XP level 10. HP: 38/49 MP: 8/18
 14475 | D:9      | Reached ** piety under Dithmenos
 15340 | D:9      | Noticed a two-headed ogre
 15347 | D:9      | Killed a two-headed ogre
 15521 | D:10     | Entered Level 10 of the Dungeon
 15744 | D:10     | Noticed a centaur warrior
 15802 | D:10     | Killed a centaur warrior
 16055 | D:10     | Learned a level 3 spell: Summon Guardian Golem
 16110 | D:10     | Noticed a two-headed ogre
 16118 | D:10     | Killed a two-headed ogre
 16119 | D:10     | Reached skill level 12 in Stealth
 16476 | D:10     | Reached skill level 5 in Fighting
 16752 | D:11     | Noticed an eight-headed hydra
 16772 | D:11     | Slain by an eight-headed hydra

Illustrated notes

Levels and vault maps discovered:
D:1:      dpeg_arrival_rooms_c, layout_basic
D:2:      layout_loops_ring
D:3:      layout_rooms, ebering_ghost_disaster_area
D:4:      layout_basic, ebering_ghost_sewer_d, chequers_serial_rivers_large_b,
          st_stairs_6
D:5:      layout_loops_corners, gammafunk_ghost_nasty_kobolds
D:6:      layout_basic, nicolae_overflow_crystal_walls
D:7:      layout_basic, ashenzari_conservatory_becter,
          gammafunk_temple_overflow_elements, minmay_temple_entry_offerings,
          hangedman_decor_peaks_small, kennysheep_generic_room_9
D:8:      minmay_polygon_palace, layout_basic
D:9:      layout_loops_corners, special_room [special_room_orc],
          small_chamber_with_monster
D:10:     layout_gridville, minmay_misc_feat_cross
D:11:     minmay_the_grid_octo_tiled_squarecenter
          [minmay_the_grid_octo_vomiting_pacman, minmay_the_grid_octo_checkered,
          minmay_the_grid_octo_thin_diamonds, minmay_the_grid_octo_teeth,
          minmay_the_grid_square_5x5_megaprize_diamond,
          minmay_the_grid_square_5x5_shrine2, minmay_the_grid_square_5x5_n,
          minmay_the_grid_square_5x5_doubleslash,
          minmay_the_grid_square_5x5_pentomino_r], layout_irregular_city,
          erik_orc_1, serial_shops, nicolae_shop_trees, uniq_urug, uniq_snorg
Temple:   nicolae_temple_no_exploring_needed

Skill      XL: |  1  2  3  4  5  6  7  8  9 10 |
---------------+-------------------------------+-----
Stealth        | 5 6 7 8 10 11 12 | 12.1
Short Blades   | 2 3 4 5 6 8 9 |  9.7
Spellcasting   | 3 4 5 |  5.2
Fighting       | 1 2 3 4 5 |  5.0
Hexes          | 4 5 6 8 9 |  9.8
Dodging        | 4 5 6 8 9 |  9.4
Evocations     | |  0.5

Action                   |  1- 3 |  4- 6 |  7- 9 | 10-12 || total
-------------------------+-------+-------+-------+-------++-------
Melee: Dagger            |   118 |   117 |   321 |   104 ||   660
 Cast: Corona            |     3 |       |     1 |       ||     4
       Ensorcelled Hiber |    23 |    48 |    92 |    42 ||   205
       Confusing Touch   |       |     3 |    19 |     2 ||    24
       Dazzling Flash    |       |       |     3 |     1 ||     4
       Tukima's Dance    |       |       |     8 |     2 ||    10
       Summon Guardian G |       |       |       |     3 ||     3
  Use: Scroll            |     5 |    12 |     7 |     1 ||    25
 Stab: Sleeping          |    29 |    24 |    52 |    40 ||   145
       Distracted        |     2 |     3 |     7 |     1 ||    13
       Confused          |       |     2 |    14 |     2 ||    18
       Invisible         |       |       |     2 |     1 ||     3
Armor: Robe              |    14 |    17 |    14 |     3 ||    48
Dodge: Dodged            |    96 |    86 |   285 |   134 ||   601

Table legend: (Time is in decaauts)
 A = Elapsed time spent in this place.
 B = Non-inter-level travel time spent in this place.
 C = Inter-level travel time spent in this place.
 D = Time resting spent in this place.
 E = Time spent auto-exploring this place.
 F = Levels seen in this place.
 G = Mean time per level.
                   A        B        C        D        E       F      G
               +--------+--------+--------+--------+--------+-----+--------+
         Total |  12680 |  12071 |    609 |   3119 |   4493 |  12 | 1056.7 |
       Dungeon |  12669 |  12060 |    609 |   3119 |   4493 |  11 | 1151.7 |
        Temple |     11 |     11 |      0 |      0 |      0 |   1 |   11.0 |
               +--------+--------+--------+--------+--------+-----+--------+

Top non-repeatable levels by time:
     D:1: 2033 daAuts
     D:2: 1583 daAuts
     D:8: 1420 daAuts
     D:5: 1377 daAuts
     D:6: 1333 daAuts
     D:7: 1259 daAuts
     D:9: 997 daAuts
     D:4: 994 daAuts
     D:3: 868 daAuts
    D:10: 788 daAuts
    D:11: 12 daAuts
  Temple: 11 daAuts
